 Dungeon Crawl Stone Soup version 0.23-a0-180-ga5275e7ff7 (webtiles) character file.

1416 Ablot the Charmwright (level 8, 0/64 HPs)
             Began as a Gnoll Skald on Sept 18, 2018.
             Slain by an orc warrior
             ... wielding a +0 trident
              (10 damage)
             ... on level 6 of the Dungeon.
             The game lasted 00:08:35 (4283 turns).

Ablot the Charmwright (Gnoll Skald)                 Turns: 4283, Time: 00:08:36

Health: 0/64       AC:  8    Str: 14    XL:     8   Next: 71%
Magic:  13/17      EV: 14    Int: 19    God:
Gold:   260        SH:  0    Dex: 16    Spells: 8/19 levels left

rFire    . . .     SeeInvis .   a - +2 spear (flame)
rCold    + . .     Gourm    +   (no shield)
rNeg     . . .     Faith    .   u - +2 ring mail {rC+}
rPois    .         Spirit   .   C - +1 hat
rElec    .         Reflect  .   (no cloak)
rCorr    .         Harm     .   (no gloves)
MR       .....                  (no boots)
Stlth    ++........             m - amulet of the gourmand
HPRegen  0.20/turn              H - +3 ring of intelligence
MPRegen  0.15/turn              (no ring)

@: singing, hasted, very quick
A: distributed training, fangs 1, strong nose
a: no special abilities


You were on level 6 of the Dungeon.
You were completely stuffed.

You visited 1 branch of the dungeon, and saw 6 of its levels.

You collected 362 gold pieces.
You spent 102 gold pieces at shops.

Inventory:

Hand Weapons
 a - a +2 spear of flaming (weapon)
 s - a +2 dagger of draining
Missiles
 c - 28 bolts
 g - 148 stones (quivered)
 t - 53 arrows
 D - a throwing net
 E - 68 sling bullets
Armour
 u - a +2 ring mail of cold resistance (worn)
 C - a +1 hat (worn)
Jewellery
 m - an amulet of the gourmand (around neck)
 H - a +3 ring of intelligence (left hand)
Wands
 I - a wand of paralysis (7)
Scrolls
 f - 4 scrolls of identify
 h - 3 scrolls of magic mapping
 o - 3 scrolls of teleportation {unknown}
 q - a scroll of amnesia {unknown}
 r - a scroll of blinking {unknown}
 v - 4 scrolls of immolation
 y - a scroll of enchant armour {unknown}
 A - 2 scrolls of fog {unknown}
 B - 2 scrolls of noise {unknown}
 F - a scroll of enchant weapon {unknown}
 G - 2 scrolls of remove curse {unknown}
Potions
 b - a potion of might {unknown}
 e - 2 potions of curing {unknown}
 i - 2 potions of invisibility {unknown}
 j - a potion of lignification {unknown}
 k - 2 potions of mutation {unknown}
 l - a potion of resistance
 n - 5 potions of heal wounds {unknown}
 p - a potion of flight {unknown}
 w - a potion of berserk rage {unknown}
 x - 2 potions of degeneration {unknown}
 z - a potion of brilliance {unknown}
Comestibles
 d - 14 rations
 J - a chunk of flesh


   Skills:
 + Level 5.8 Fighting
 + Level 3.4 Short Blades
 + Level 3.4 Long Blades
 + Level 3.4 Axes
 + Level 3.4 Maces & Flails
 + Level 5.8 Polearms
 + Level 3.4 Staves
 + Level 3.4 Slings
 + Level 3.4 Bows
 + Level 3.4 Crossbows
 + Level 3.4 Throwing
 + Level 4.3 Armour
 + Level 5.8 Dodging
 + Level 3.4 Stealth
 + Level 3.4 Shields
 + Level 3.4 Unarmed Combat
 + Level 6.1 Spellcasting
 + Level 2.8 Conjurations
 + Level 2.8 Hexes
 + Level 6.2 Charms
 + Level 2.8 Summonings
 + Level 2.8 Necromancy
 + Level 2.8 Translocations
 + Level 2.8 Transmutations
 + Level 2.8 Fire Magic
 + Level 2.8 Ice Magic
 + Level 2.8 Air Magic
 + Level 2.8 Earth Magic
 + Level 2.8 Poison Magic
 + Level 3.8 Invocations
 + Level 3.4 Evocations


You had 8 spell levels left.
You knew the following spells:

 Your Spells              Type           Power        Failure   Level  Hunger
a - Infusion              Chrm           ####         1%          1    None
b - Song of Slaying       Chrm           ####....     2%          2    None
c - Shroud of Golubria    Chrm/Tloc      ###.......   4%          2    None
d - Regeneration          Chrm/Necr      ###.......   10%         3    ##.....
e - Spectral Weapon       Hex/Chrm       ###.....     10%         3    ##.....

Your spell library contained the following spells:

 Spells                   Type           Power        Failure   Level  Hunger


Dungeon Overview and Level Annotations

Branches:
Dungeon (6/15)
 Temple: D:4-7

Altars:
Nemelex Xobeh
Ru
Sif Muna
Uskayaw

Shops:
D:4 *


Innate Abilities, Weirdness & Mutations

Your experience applies equally to all skills.
You have very sharp teeth.
Your uncanny sense of smell can sniff out nearby items.


Message History

You escape the ball python's grasp.
Found a smoky black potion.
Things that are here:
an uncursed shortbow of freezing; 16 arrows; a centaur corpse
Casting: Shroud of Golubria (safe; 4% risk of failure)
Confirm with . or Enter, or press ? or * to list all spells.
Space distorts slightly along a thin shroud covering your body.
The orc warrior closely misses you. The ball python closely misses you.
The ball python barely misses you.
Casting: Shroud of Golubria (safe; 4% risk of failure)
Confirm with . or Enter, or press ? or * to list all spells.
You start singing a song of slaying.
You hear a shout! x3
The ball python closely misses you. The ball python barely misses you.
The orc warrior hits you from afar with a trident!
* * * LOW HITPOINT WARNING * * *
Your shroud falls apart!
You feel yourself speed up. The ball python closely misses you. x2
The orc warrior hits you from afar with a trident!
You die...

..## ...#.. .....) ∆
...#.#........ ...
......#......o...
....#.........#.o
...##...........
..<....##....... ##
..##..# #.....o###..#..#
.....# ##.# #.sS@.......
....####..####(####.##.!
....#........(?.s.....
.......###########..##
....#### # ....# ....#
....# .####


You could see an orc warrior, a giant cockroach and a ball python.

Vanquished Creatures
  Sigmund (D:4)
  Duvessa (D:4)
  An ogre (D:4)
  A phantom (D:5)
  2 centaurs
  Dowan (D:4)
  A howler monkey (D:5)
  2 crimson imps (D:6)
  A bullfrog zombie (D:5)
  3 bullfrog skeletons
  Natasha (thrice) (D:2)
  Ijyb (D:5)
  6 worker ants
  Robin (D:4)
  10 gnolls
  A howler monkey skeleton (D:4)
  6 adders
  4 oozes
  8 worms
  A dart slug (D:2)
  A leopard gecko (D:4)
  2 orcs
  2 giant cockroaches
  17 goblins
  7 hobgoblins
  4 jackals (D:5)
  6 kobolds
  A quokka (D:2)
  2 ball pythons
  6 bats
  4 frilled lizards
  8 rats
115 creatures vanquished.

Notes
Turn   | Place    | Note
-------+----------+-------------------------------------------
     0 | D:1      | Ablot the Gnoll Skald began the quest for the Orb.
     0 | D:1      | Reached XP level 1. HP: 20/20 MP: 6/6
   238 | D:1      | Reached XP level 2. HP: 22/26 MP: 7/7
   784 | D:2      | Reached skill level 5 in Spellcasting
   784 | D:2      | Reached XP level 3. HP: 14/31 MP: 7/9
   794 | D:2      | Learned a level 2 spell: Song of Slaying
   797 | D:2      | Learned a level 2 spell: Shroud of Golubria
   801 | D:2      | Learned a level 3 spell: Regeneration
   806 | D:2      | Learned a level 3 spell: Spectral Weapon
   902 | D:2      | Reached skill level 1 in Invocations
   951 | D:2      | Reached skill level 1 in Short Blades
   951 | D:2      | Reached skill level 1 in Long Blades
   951 | D:2      | Reached skill level 1 in Axes
   951 | D:2      | Reached skill level 1 in Maces & Flails
   951 | D:2      | Reached skill level 1 in Staves
   951 | D:2      | Reached skill level 1 in Slings
   951 | D:2      | Reached skill level 1 in Bows
   951 | D:2      | Reached skill level 1 in Crossbows
   951 | D:2      | Reached skill level 1 in Throwing
   951 | D:2      | Reached skill level 1 in Stealth
   951 | D:2      | Reached skill level 1 in Shields
   951 | D:2      | Reached skill level 1 in Unarmed Combat
   951 | D:2      | Reached skill level 1 in Evocations
   984 | D:2      | Reached XP level 4. HP: 30/38 MP: 11/11
  1046 | D:2      | Noticed Natasha
  1057 | D:2      | Killed Natasha
  1109 | D:2      | Reached skill level 1 in Conjurations
  1109 | D:2      | Reached skill level 1 in Hexes
  1109 | D:2      | Reached skill level 1 in Summonings
  1109 | D:2      | Reached skill level 1 in Necromancy
  1109 | D:2      | Reached skill level 1 in Translocations
  1109 | D:2      | Reached skill level 1 in Transmutations
  1109 | D:2      | Reached skill level 1 in Fire Magic
  1109 | D:2      | Reached skill level 1 in Ice Magic
  1109 | D:2      | Reached skill level 1 in Air Magic
  1109 | D:2      | Reached skill level 1 in Earth Magic
  1109 | D:2      | Reached skill level 1 in Poison Magic
  1279 | D:2      | Found a faded altar of an unknown god.
  1347 | D:2      | Noticed Natasha
  1359 | D:2      | Killed Natasha
  1359 | D:2      | Reached XP level 5. HP: 34/43 MP: 7/12
  1359 | D:2      | Noticed Natasha
  1368 | D:2      | Killed Natasha
  1598 | D:3      | Found a deep blue altar of Sif Muna.
  2281 | D:3      | Reached XP level 6. HP: 50/50 MP: 13/13
  2386 | D:4      | Noticed Sigmund
  2478 | D:4      | Found Lostroapn's Assorted Antiques.
  2576 | D:4      | Killed Sigmund
  2576 | D:4      | Reached skill level 5 in Fighting
  2576 | D:4      | Reached skill level 5 in Polearms
  2576 | D:4      | Reached skill level 5 in Dodging
  2663 | D:4      | Reached XP level 7. HP: 50/56 MP: 15/15
  2665 | D:4      | Found a sparkling altar of Nemelex Xobeh.
  2802 | D:4      | Noticed Duvessa
  2899 | D:4      | Found a sacrificial altar of Ru.
  2965 | D:4      | Bought a yellow potion for 24 gold pieces
  2965 | D:4      | Bought a fuming green potion for 24 gold pieces
  2965 | D:4      | Bought a scroll labeled OMACHU QYSI for 27 gold pieces
  2965 | D:4      | Bought a scroll labeled KOUTIAMPUA for 27 gold pieces
  3188 | D:4      | Noticed Robin
  3208 | D:4      | Killed Robin
  3375 | D:4      | Noticed Dowan
  3383 | D:4      | Killed Duvessa
  3387 | D:4      | Killed Dowan
  3387 | D:4      | Reached XP level 8. HP: 63/63 MP: 9/16
  3417 | D:5      | Entered Level 5 of the Dungeon
  3722 | D:5      | Noticed Ijyb
  3735 | D:5      | Killed Ijyb
  3998 | D:5      | Found a hide-covered altar of Uskayaw.
  4283 | D:6      | Slain by an orc warrior

Vault maps used:
D:1:      grunt_arrival_lava_bath
D:2:      chequers_ecumenical_altar_simple, uniq_natasha
D:3:      lemuel_doored_altar
D:4:      old_standard_altar, lemuel_round_altar, serial_shops,
          nicolae_shop_waterfront, first_ration, kennysheep_generic_room_15,
          uniq_sigmund, uniq_duvessa, uniq_robin
D:5:      eat_drink_and_be_merry_uskayaw, uniq_ijyb
D:6:      kennysheep_okawaru_gauntlet, portal_sewer_entry_c

Skill      XL: |  1  2  3  4  5  6  7  8 |
---------------+-------------------------+-----
Spellcasting   | 5 6 |  6.1
Invocations    | 1 2 3 |  3.8
Short Blades   | 1 2 3 |  3.4
Long Blades    | 1 2 3 |  3.4
Axes           | 1 2 3 |  3.4
Maces & Flails | 1 2 3 |  3.4
Staves         | 1 2 3 |  3.4
Slings         | 1 2 3 |  3.4
Bows           | 1 2 3 |  3.4
Crossbows      | 1 2 3 |  3.4
Throwing       | 1 2 3 |  3.4
Stealth        | 1 2 3 |  3.4
Shields        | 1 2 3 |  3.4
Unarmed Combat | 1 2 3 |  3.4
Evocations     | 1 2 3 |  3.4
Conjurations   | 1 2 |  2.8
Hexes          | 1 2 |  2.8
Summonings     | 1 2 |  2.8
Necromancy     | 1 2 |  2.8
Translocations | 1 2 |  2.8
Transmutations | 1 2 |  2.8
Fire Magic     | 1 2 |  2.8
Ice Magic      | 1 2 |  2.8
Air Magic      | 1 2 |  2.8
Earth Magic    | 1 2 |  2.8
Poison Magic   | 1 2 |  2.8
Armour         | 3 4 |  4.3
Fighting       | 5 |  5.8
Polearms       | 5 |  5.8
Dodging        | 5 |  5.8
Charms         | 6 |  6.2

Action                   |  1- 3 |  4- 6 |  7- 9 || total
-------------------------+-------+-------+-------++-------
Melee: Spear             |    18 |       |   205 ||   223
       Bite              |     6 |    13 |    26 ||    45
       Dagger            |    56 |   127 |    23 ||   206
       Punch             |       |       |     1 ||     1
 Cast: Regeneration      |     2 |     2 |     4 ||     8
       Shroud of Golubri |     1 |     6 |     9 ||    16
       Spectral Weapon   |     1 |     3 |     7 ||    11
       Infusion          |       |     1 |       ||     1
       Song of Slaying   |       |     1 |     5 ||     6
  Use: Scroll            |       |       |     2 ||     2
       Potion            |       |       |     1 ||     1
 Stab: Sleeping          |     1 |       |       ||     1
       Distracted        |       |       |     1 ||     1
  Eat: Chunk             |    10 |     5 |     7 ||    22
Armor: Leather armour    |     8 |     4 |       ||    12
       Ring mail         |       |    24 |    49 ||    73
Dodge: Dodged            |    31 |    72 |   116 ||   219

Table legend:
 A = Non-vault XP
 B = Vault XP
 C = Vault XP percentage of total XP
 D = Non-vault monster count
 E = Vault monster count
 F = Vault count percentage of total count
                 A         B        C        D         E       F
            +---------+---------+-------+---------+---------+-------
      Total |    1427 |     596 |  29.5 |      98 |      17 |  14.8
            +---------+---------+-------+---------+---------+-------
        D:1 |      26 |       0 |   0.0 |      13 |       0 |   0.0
        D:2 |     146 |      35 |  19.3 |      23 |       1 |   4.2
        D:3 |     116 |       0 |   0.0 |      24 |       0 |   0.0
        D:4 |     362 |     528 |  59.3 |      15 |      15 |  50.0
        D:5 |     523 |      33 |   5.9 |      17 |       1 |   5.6
        D:6 |     254 |       0 |   0.0 |       6 |       0 |   0.0
            +---------+---------+-------+---------+---------+-------
